 Dungeon Crawl Stone Soup version 0.27.1-2-g3b301248ec (webtiles) character file.

Game seed: 4727400060923983503

9143 nxtlvl the Zephyrmancer (level 11, -2/73 (74) HPs)
             Began as a Pale Draconian Air Elementalist on Oct 3, 2021.
             Was a High Priest of Vehumet.
             Slain by a blink frog (13 damage)
             ... on level 2 of the Lair of Beasts on Oct 4, 2021.
             The game lasted 01:44:43 (5165 turns).

nxtlvl the Zephyrmancer (DrAE)                      Turns: 5165, Time: 01:44:44

HP:   -2/73 (74)    AC: 12    Str: 10    XL:     11   Next: 19%
MP:   16/23         EV: 14    Int: 18    God:    Vehumet [*****.]
Gold: 455           SH:  0    Dex: 13    Spells: 3/27 levels left

rFire    . . .     SeeInvis +   a - staff of air
rCold    . . .     Faith    .   (no shield)
rNeg     . . .     Spirit   .   (armour unavailable)
rPois    .         Reflect  .   (helmet restricted)
rElec    +         Harm     .   e - +0 cloak
rCorr    .         Rampage  .   d - +2 pair of gloves
Will     .....                  c - +0 pair of boots
Stlth    ++........             z - amulet of magic regeneration
HPRegen  0.22/turn              p - ring of see invisible
MPRegen  0.43/turn              (no ring)

@: short of breath, slowed, lightly drained, very slow
A: breathe steam, AC +7, unfitting armour, cold-blooded, steam resistance
a: Breathe Steam, Renounce Religion


You were on level 2 of the Lair of Beasts.
You worshipped Vehumet.
Vehumet was extremely pleased with you.
You visited 2 branches of the dungeon, and saw 12 of its levels.
You also visited: Ossuary.

You collected 455 gold pieces.

Inventory:

Hand Weapons
 b - a +0 short sword of electrocution
 B - a +0 hand axe of flaming
 C - the +3 whip "Zuoramet" {vorpal, Stlth+}
   (You found it on level 9 of the Dungeon)

   It inflicts extra damage upon your enemies.
   Stlth:     It makes you more stealthy.
Missiles
 j - 14 poisoned darts
 u - a throwing net
Armour
 c - a +0 pair of boots (worn)
 d - a +2 pair of gloves (worn)
 e - a +0 cloak (worn)
 f - a +0 buckler
Magical Staves
 a - a staff of air (weapon)
 A - a staff of earth
Jewellery
 p - a ring of see invisible (left hand)
 z - an amulet of magic regeneration (around neck)
Wands
 t - a wand of acid (16)
 y - a wand of flame (22)
 D - a wand of paralysis (9)
Scrolls
 g - 2 scrolls of brand weapon {unknown}
 h - 3 scrolls of vulnerability {unknown}
 k - 2 scrolls of enchant armour {unknown}
 m - 5 scrolls of teleportation
 o - 3 scrolls of fog {unknown}
 r - 2 scrolls of blinking
 s - 5 scrolls of amnesia {unknown}
 w - a scroll of fear {unknown}
 x - a scroll of torment {unknown}
 E - a scroll of immolation {unknown}
Potions
 i - 2 potions of haste
 l - a potion of lignification
 n - 4 potions of degeneration {unknown}
 q - a potion of attraction
 v - 10 potions of curing
 F - a potion of heal wounds
 G - a potion of berserk rage
 H - a potion of flight


   Skills:
 + Level 6.1 Dodging
 - Level 1.7 Stealth
 * Level 8.6 Spellcasting
 + Level 10.0 Conjurations
 + Level 12.1 Air Magic


You had 3 spell levels left.
You knew the following spells:

 Your Spells              Type           Power      Damage    Failure   Level
a - Swiftness             Air            67%        N/A       1%          3
c - Airstrike             Air            33%        N/A       1%          4
s - Iskenderun's Battles  Conj           43%        2d9       1%          5
v - Conjure Ball Lightni  Conj/Air       32%        3x3d10    4%          6
x - Static Discharge      Conj/Air       64%        N/A       1%          2
z - Shock                 Conj/Air       100%       1d9       1%          1
C - Mephitic Cloud        Conj/Pois/Air  51%        N/A       1%          3

Your spell library contained the following spells:

 Spells                   Type           Power      Damage    Failure   Level
 Discord                  Hex            3%         N/A       100%        8
 Disjunction              Tloc           3%         N/A       100%        8


Dungeon Overview and Level Annotations

Branches:
Dungeon (10/15)            Temple (0/1) D:7            Lair (2/6) D:10
Ossuary (visited)
  Swamp: Lair:2-4    Shoals: Lair:2-4     Snake: Lair:2-4    Spider: Lair:2-4
    Orc: D:9-12

Altars:
Okawaru
Ru
Vehumet

Shops:
D:5 [   D:10 [

Annotations:
D:5 3 runed translucent doors, asterach's ghost, novice VSBe; babuloseo's ghost, amateur HuBr; greenlake's ghost, novice GnFi; smarlow's ghost, novice SpEn


Innate Abilities, Weirdness & Mutations

You can breathe blasts of scalding, opaque steam.
Your pale cyan-grey scales are hard. (AC +7)
You cannot fit into any form of body armour.
You are cold-blooded and may be slowed by cold attacks.
You are immune to the effects of steam.


Message History

You feel a surge of power!
The air crackles with electrical energy.
The blink frog croaks.
You hear a loud, deep croak!
Your battlesphere fires!
The barrage of energy hits the bog body.
The bog body is severely damaged.
Your battlesphere expends the last of its energy and dissipates.
A blink frog comes into view.
The bog body points at you and mumbles some strange words.
The bolt of cold misses you. The hell rat barely misses you.
The hell rat twitches its whiskers.
The hell rat bites you!
You feel drained. The bog body completely misses you.
Unknown command.
Unknown command.
Casting: Static Discharge (safe; 1% risk of failure)
Confirm with . or Enter, or press ? or * to list all spells.
You feel a surge of power!
The bog body is struck by an arc of lightning.
The bog body is severely damaged.
The lightning grounds out.
The hell rat is struck by an arc of lightning!
You kill the hell rat!
Vehumet accepts your kill.
You feel your power returning.
The hell rat is struck by an arc of lightning!
The hell rat is severely wounded.
The hell rat is struck by an arc of lightning.
You kill the hell rat!
Vehumet accepts your kill.
You feel your power returning.
The hell rat is struck by an arc of lightning!
The hell rat is heavily wounded.
The lightning grounds out.
The hell rat misses you. The blink frog hits you.
The blink frog blinks!
The bog body touches you. The bog body freezes you!!
You feel as though you will be slow longer.
* * * LOW HITPOINT WARNING * * *
The hell rat bites you!
* * * LOW HITPOINT WARNING * * *
The blink frog hits you!
You die...

. ≈♣. .....
.P ♣..♣♣...P
.$. ♣.. ..P.#
.#..♣..♣....#
.....⌠⌠.....#
.#.P....#.#.#
.P......#..#
........n..#
...#.#.rr@○#
. ..
##.Fr#......
#. ....#.#
.....
.....#P..F.
.... . .#
##...F# +#.
....#.
..P...#
..#.#..


You could see a bog body, 3 blink frogs and 3 hell rats.

Vanquished Creatures
  A two-headed ogre (D:8)
  A cane toad (Lair:2)
  Psyche (D:8)
  A troll (D:10)
  10 yaks (D:10)
  A wyvern (D:9)
  Grum (D:8)
  Edmund (D:6)
  4 vampire mosquitoes (D:10)
  3 water moccasins
  2 ice beasts
  A black bear (D:5)
  3 orc warriors
  2 wolves (D:8)
  3 ogres
  3 centaurs
  6 bullfrogs
  3 elf zombies (Ossuary)
  A kobold brigand (D:9)
  4 gnoll sergeants
  A water moccasin skeleton (D:5)
  4 killer bees (D:10)
  9 wights
  10 centaur zombies
  3 howler monkeys (D:7)
  2 bullfrog zombies (D:7)
  5 hounds (D:8)
  A jelly (D:6)
  2 centaur skeletons
  A bullfrog skeleton (D:6)
  3 gnoll shamans
  4 orc priests
  Crazy Yiuf (D:6)
  2 human zombies (Ossuary)
  4 orc wizards
  4 hell rats (Lair:2)
  A hound skeleton (D:4)
  3 howler monkey zombies
  2 mummies (Ossuary)
  22 gnolls
  A howler monkey skeleton (D:5)
  6 adders
  2 shadow imps (D:6)
  2 white imps
  4 adder zombies
  A dart slug (D:3)
  23 orcs
  8 bats
  6 endoplasms
  3 giant cockroaches
  A goblin (D:1)
  8 hobgoblins
  4 jackals (D:8)
  5 kobolds
  A quokka (D:2)
  3 ball pythons
  A frilled lizard (D:3)
  9 hobgoblin zombies (Ossuary)
  14 kobold zombies (Ossuary)
  4 orc zombies (Ossuary)
  3 rats
245 creatures vanquished.

Vanquished Creatures (collateral kills)
  4 ball lightnings
4 creatures vanquished.

Vanquished Creatures (others)
  An orc (D:6)
  31 ball lightnings
  3 fungi (Lair:2)
  3 plants
38 creatures vanquished.

Grand Total: 287 creatures vanquished

Notes
Turn   | Place    | Note
-------+----------+-------------------------------------------
     0 | D:1      | nxtlvl the Draconian Air Elementalist began the quest for
                  | the Orb.
     0 | D:1      | Reached XP level 1. HP: 14/14 MP: 3/3
   195 | D:1      | You fall into a shaft and drop 1 floor!
   337 | D:1      | Reached XP level 2. HP: 17/20 MP: 1/5
   416 | D:1      | Found a faded altar of an unknown god.
   712 | D:2      | Reached XP level 3. HP: 22/26 MP: 3/6
   873 | D:3      | Learned a level 2 spell: Static Discharge
   877 | D:3      | Learned a level 3 spell: Swiftness
  1048 | D:3      | Reached XP level 4. HP: 32/33 MP: 2/7
  1365 | D:4      | Reached skill level 4 in Air Magic
  1407 | D:4      | Reached XP level 5. HP: 31/38 MP: 0/8
  1572 | D:4      | Found a radiant altar of Vehumet.
  1580 | D:4      | Became a worshipper of Vehumet
  1678 | D:4      | Identified the +5 plate armour of Ecwaihaciqy {Dex+6}
  1736 | D:4      | Reached skill level 9 in Air Magic
  1736 | D:4      | Reached XP level 6. HP: 45/45 MP: 9/9
  1775 | D:5      | Entered Level 5 of the Dungeon
  1792 | D:5      | Found a sand-covered staircase.
  1797 | Ossuary  | Entered an ossuary
  1862 | Ossuary  | Reached * piety under Vehumet
  1862 | Ossuary  | Offered knowledge of Sandblast by Vehumet.
  2061 | Ossuary  | Your scales start taking on a pale cyan-grey colour.
  2061 | Ossuary  | Reached skill level 10 in Air Magic
  2061 | Ossuary  | Reached XP level 7. HP: 22/50 MP: 3/11
  2061 | Ossuary  | Gained mutation: You are immune to the effects of steam.
                  | [Pale Draconian growth]
  2130 | Ossuary  | Learned a level 4 spell: Airstrike
  2209 | D:5      | Reached ** piety under Vehumet
  2209 | D:5      | Offered knowledge of Foxfire by Vehumet.
  2277 | D:5      | Found a sacrificial altar of Ru.
  2309 | D:5      | Found Jeunog's Antique Armour Emporium.
  2542 | D:5      | Reached XP level 8. HP: 57/57 MP: 7/13
  2549 | D:5      | Found a runed translucent gate.
  2549 | D:5      | Found a runed translucent gate.
  2549 | D:5      | Found a runed translucent gate.
  2549 | D:5      | Noticed babuloseo's ghost (amateur HuBr)
  2550 | D:5      | Noticed greenlake's ghost (novice GnFi)
  2550 | D:5      | Noticed asterach's ghost (novice VSBe)
  2551 | D:5      | Noticed smarlow's ghost (novice SpEn)
  2569 | D:6      | Noticed Edmund
  2845 | D:6      | Offered knowledge of Mephitic Cloud by Vehumet.
  2852 | D:6      | Learned a level 3 spell: Mephitic Cloud
  2931 | D:6      | Killed Edmund
  2992 | D:6      | Found a runed translucent door.
  2993 | D:6      | Noticed Crazy Yiuf
  2997 | D:6      | Killed Crazy Yiuf
  3050 | D:6      | Reached *** piety under Vehumet
  3083 | D:6      | Found an iron altar of Okawaru.
  3207 | D:7      | Reached skill level 10 in Conjurations
  3219 | D:7      | Reached XP level 9. HP: 60/62 MP: 14/16
  3220 | D:7      | Found a staircase to the Ecumenical Temple.
  3311 | D:7      | Reached skill level 5 in Spellcasting
  3395 | D:7      | Reached skill level 11 in Air Magic
  3484 | D:7      | Offered knowledge of Sticky Flame by Vehumet.
  3621 | D:8      | Noticed Psyche
  3625 | D:8      | Killed Psyche
  3738 | D:8      | Learned a level 6 spell: Conjure Ball Lightning
  3868 | D:8      | Noticed a two-headed ogre
  3878 | D:8      | Reached **** piety under Vehumet
  3959 | D:8      | Killed a two-headed ogre
  3960 | D:8      | Reached XP level 10. HP: 69/69 MP: 16/20
  3991 | D:8      | Noticed Grum
  3995 | D:8      | Killed Grum
  4131 | D:8      | Offered knowledge of Fireball by Vehumet.
  4186 | D:9      | Reached skill level 5 in Dodging
  4236 | D:9      | Identified the +3 whip "Zuoramet" {vorpal, Stlth+}
  4585 | D:9      | Reached ***** piety under Vehumet
  4585 | D:9      | Offered knowledge of Iskenderun's Battlesphere by Vehumet.
  4670 | D:10     | Entered Level 10 of the Dungeon
  4777 | D:10     | Found Haud's Antique Armour Shop.
  4818 | D:10     | Learned a level 5 spell: Iskenderun's Battlesphere
  4843 | D:10     | Reached skill level 12 in Air Magic
  4884 | D:10     | Reached XP level 11. HP: 74/74 MP: 23/23
  5071 | D:10     | Found a staircase to the Lair.
  5079 | Lair:1   | Entered Level 1 of the Lair of Beasts
  5079 | Lair:1   | Found a radiant altar of Vehumet.
  5157 | Lair:2   | Noticed a bog body
  5165 | Lair:2   | Slain by a blink frog

Illustrated notes

Levels and vault maps discovered:
D:1:      dpeg_arrival_round_b, layout_basic,
          hellmonk_ecumenical_altar_heavens_door
D:2:      layout_loops_ring, guppyfry_early_lair_pool
D:3:      layout_basic
D:4:      layout_gridville, overflow_temple_1_default, serial_undead,
          serial_undead_a, serial_undead_c, serial_undead_d, serial_undead_c
D:5:      layout_rooms, nicolae_ru_awakened_eye, serial_shops, shop_statue,
          gammafunk_ghost_cemetery, enter_ossuary_5, minmay_holes,
          supply_closet_lemuel
D:6:      layout_rooms, overflow_temple_1_default, uniq_crazy_yiuf_cottage,
          uniq_edmund
D:7:      layout_loops_cross, temple_hall
D:8:      layout_cave_pools, serial_gnoll_camp, gnoll_camp_mini_hut,
          grums_kennel, gnoll_camp_mini_basic, gnoll_camp_huts_basic,
          uniq_psyche
D:9:      layout_cave_pods
D:10:     layout_roguey, mainiacjoe_overflow_six_doors_small, lair_entry_dummy,
          orc_0_dummy, nicolae_stop_n_shop_1
Lair:1:   layout_loops_ring, basic_altar, serial_bayou_pond_d
Lair:2:   layout_long_grid, nicolae_swamp_entry_splash_gauntlet,
          minmay_snake_entry_guardpost_small, gauntlet_entry_generic,
          fungi_pond_lemuel, infiniplex_staircase_pool_2, grunt_megastairs_3

Skill      XL: |  1  2  3  4  5  6  7  8  9 10 11 |
---------------+----------------------------------+-----
Conjurations   | 2 3 4 9 10 | 10.0
Air Magic      | 4 9 10 11 12 | 12.1
Dodging        | 2 3 4 5 6 |  6.1
Spellcasting   | 3 4 6 8 |  8.6
Stealth        | |  1.7

Action                   |  1- 3 |  4- 6 |  7- 9 | 10-12 || total
-------------------------+-------+-------+-------+-------++-------
Melee: Unarmed           |    20 |       |       |       ||    20
       Tailslap          |     2 |    12 |     1 |       ||    15
       Staff             |     8 |    83 |    16 |    15 ||   122
 Cast: Shock             |    56 |    55 |    12 |    17 ||   140
       Static Discharge  |       |    11 |     1 |     7 ||    19
       Airstrike         |       |       |    31 |    22 ||    53
       Mephitic Cloud    |       |       |     2 |     2 ||     4
       Conjure Ball Ligh |       |       |     2 |    10 ||    12
       Iskenderun's Batt |       |       |       |     3 ||     3
 Abil: Breathe Steam     |       |       |    72 |    27 ||    99
Evoke: Wand              |       |       |     1 |       ||     1
  Use: Scroll            |       |     4 |     4 |     2 ||    10
       Potion            |       |     1 |       |     1 ||     2
 Stab: Sleeping          |       |     1 |       |       ||     1
       Confused          |       |       |     2 |       ||     2
Armor: Skin              |    25 |    74 |    13 |    11 ||   123
Dodge: Dodged            |    29 |    95 |    34 |    32 ||   190
